 Dungeon Crawl Stone Soup version 0.27-a0-1202-ge72e49191c (webtiles) character file.

Game seed: 12629656069201352767

56 kae the Chopper (level 3, -10/34 HPs)
             Began as a Hill Orc Fighter on June 2, 2021.
             Mangled by a gnoll
             ... wielding a +0 hand axe of distortion
              (15 damage)
             ... on level 2 of the Dungeon.
             The game lasted 00:00:58 (1577 turns).

kae the Chopper (Hill Orc Fighter)                  Turns: 1577, Time: 00:00:58

Health: -10/34     AC:  7    Str: 19    XL:     3   Next: 95%
Magic:  3/3        EV:  7    Int:  8    God:
Gold:   22         SH:  9    Dex: 10    Spells: 2/2 levels left

rFire    . . .     SeeInvis .   a - +0 war axe
rCold    . . .     Faith    .   c - +0 kite shield
rNeg     . . .     Spirit   .   b - +0 scale mail
rPois    .         Reflect  .   f - +1 hat
rElec    .         Harm     .   (no cloak)
rCorr    .         Rampage  .   (no gloves)
Will     .....                  (no boots)
Stlth    ..........             (no amulet)
HPRegen  0.11/turn              (no ring)
MPRegen  0.08/turn              (no ring)

@: no status effects
A: no striking features
a: no special abilities


You were on level 2 of the Dungeon.
You visited 1 branch of the dungeon, and saw 2 of its levels.

You collected 22 gold pieces.

Inventory:

Hand Weapons
 a - a +0 war axe (weapon)
Armour
 b - a +0 scale mail (worn)
 c - a +0 kite shield (worn)
 f - a +1 hat (worn)
Scrolls
 g - a scroll of identify
 h - a scroll of noise {unknown}
Potions
 d - a potion of might
 e - a potion of invisibility


   Skills:
 + Level 4.4 Fighting
 * Level 4.7 Axes
 - Level 3.2 Armour
 - Level 3.2 Shields


You had 2 spell levels left.
You didn't know any spells.
Your spell library contained the following spells:

 Spells                   Type           Power      Damage    Failure   Level
 Magic Dart               Conj           0%         1d3       99%         1
 Blink                    Tloc           N/A        N/A       100%        2
 Call Imp                 Summ           0%         N/A       100%        2
 Slow                     Hex            0%         N/A       100%        2
 Confusing Touch          Hex            0%         N/A       100%        3
 Conjure Flame            Conj/Fire      0%         6-21      100%        3
 Gell's Gravitas          Tloc           0%         N/A       100%        3
 Mephitic Cloud           Conj/Pois/Air  0%         N/A       100%        3
 Petrify                  Tmut/Erth      0%         N/A       100%        4
 Metabolic Englaciation   Hex/Ice        0%         N/A       100%        5
 Yara's Violent Unravell  Hex/Tmut       0%         3d3       100%        5


Dungeon Overview and Level Annotations

Branches:
Dungeon (2/15)

Altars:

Shops:
D:1 !


Message History

You slash the gnoll!
You kill the gnoll!
You closely miss the gnoll. You block the gnoll's attack.
You are too injured to fight recklessly!
You are too injured to fight recklessly!
The gnoll hits you with a +0 flail.
Things that are here:
a +0 spear; a gnoll corpse You closely miss the gnoll.
You block the gnoll's attack. The gnoll hits you with a +0 flail.
You barely miss the gnoll. The gnoll hits you but does no damage.
You barely miss the gnoll. The gnoll hits you but does no damage.
You block the gnoll's attack.
You hit the gnoll.
The gnoll is lightly wounded.
The gnoll closely misses you.
You hit the gnoll but do no damage.
The gnoll is lightly wounded.
The gnoll hits you with a +0 flail. You block the gnoll's attack.
You closely miss the gnoll.
The gnoll is lightly wounded.
You block the gnoll's attack.
You slash the gnoll!
The gnoll is severely wounded.
The gnoll hits you with a +0 flail.
A gnoll comes into view.
It is wielding a +0 hand axe of distortion.
You block the gnoll's attack.
Your shield and scale mail prevent you from hitting the gnoll.
The gnoll is severely wounded.
The gnoll shouts!
A gnoll comes into view. It is wielding a +0 whip.
You block the gnoll's attack.
The gnoll shouts!
You slash the gnoll!
You kill the gnoll!
You hit the gnoll but do no damage.
The gnoll hits you with a +0 hand axe of distortion.
* * * LOW HITPOINT WARNING * * *
Space warps horribly around you!
You die...

###########
######..........
#...............
#...$...........
####...............
..........†........
.........####+#+###
.........# #.#
.......)@####.#
########g.....# ###......#
# #..g......#######
####.####..#........)....#
...........####...####.##.#
#. ##.## ###.##..)...# #.
##.#.#######.##.####### #.
##.#....................


You could see 2 gnolls.

Vanquished Creatures
  2 gnolls (D:2)
  2 adders (D:2)
  2 dart slugs (D:1)
  2 endoplasms
  A giant cockroach (D:2)
  3 goblins
  A hobgoblin (D:1)
  2 jackals (D:1)
  2 quokkas (D:1)
  A ball python (D:2)
  2 frilled lizards
  4 kobolds (D:1)
  A rat (D:1)
25 creatures vanquished.

Vanquished Creatures (others)
  2 fungi (D:2)
2 creatures vanquished.

Grand Total: 27 creatures vanquished

Notes
Turn   | Place    | Note
-------+----------+-------------------------------------------
     0 | D:1      | kae the Hill Orc Fighter began the quest for the Orb.
     0 | D:1      | Reached XP level 1. HP: 19/19 MP: 1/1
   225 | D:1      | Reached XP level 2. HP: 21/27 MP: 2/2
   891 | D:1      | Found Atinilo's Distillery.
  1415 | D:2      | Reached XP level 3. HP: 33/33 MP: 3/3
  1577 | D:2      | Mangled by a gnoll

Illustrated notes

Levels and vault maps discovered:
D:1:      minmay_arrival_floating_metal, layout_basic, serial_shops, shop
D:2:      wad_pebble_path, layout_basic,
          shapermc_ecumenical_altar_mp_urbaneastern

Skill      XL: |  1  2 |
---------------+-------+-----
Axes           | 3 4 |  4.7
Fighting       | 4 |  4.4
Armour         | |  3.2
Shields        | |  3.2

Action                   || total
-------------------------++-------
Melee: War axe           ||    71
  Use: Scroll            ||     2
Armor: Scale mail        ||    24
Dodge: Dodged            ||    13
Block: Kite shield       ||    37

Table legend: (Time is in decaauts)
 A = Elapsed time spent in this place.
 B = Non-inter-level travel time spent in this place.
 C = Inter-level travel time spent in this place.
 D = Time resting spent in this place.
 E = Time spent auto-exploring this place.
 F = Levels seen in this place.
 G = Mean time per level.
                   A        B        C        D        E       F      G
               +--------+--------+--------+--------+--------+-----+--------+
         Total |   1634 |   1613 |     21 |    184 |   1228 |   2 |  817.0 |
       Dungeon |   1634 |   1613 |     21 |    184 |   1228 |   2 |  817.0 |
               +--------+--------+--------+--------+--------+-----+--------+

Top non-repeatable levels by time:
     D:1: 1373 daAuts
     D:2: 260 daAuts
